 Dungeon Crawl Stone Soup version 0.22.1-1-ga44c0e5 (webtiles) character file.

639 Fang the Chopper (level 7, -2/66 HPs)
             Began as a Gargoyle Berserker on Oct 17, 2018.
             Was a Believer of Trog.
             Splashed by Ijyb's acid (10 damage)
             ... on level 4 of the Dungeon.
             The game lasted 00:03:10 (4406 turns).

Fang the Chopper (Gargoyle Berserker)               Turns: 4406, Time: 00:03:11

Health: -2/66      AC:  3    Str: 28    XL:     7   Next: 51%
Magic:  7/7        EV: 13    Int:  7    God:    Trog [**....]
Gold:   183        SH:  3    Dex:  9    Spells: 6/6 levels left

rFire    . . .     SeeInvis .   a - +0 hand axe
rCold    . . .     Gourm    .   (no shield)
rNeg     + . .     Faith    .   b - +0 animal skin
rPois    ∞         Spirit   .   (no helmet)
rElec    +         Reflect  +   (no cloak)
rCorr    .         Harm     .   (no gloves)
MR       +....                  (no boots)
Stlth    ..........             r - +3 amulet of reflection
HPRegen  0.21/turn              q - +6 ring of slaying
MPRegen  0.10/turn              s - ring of protection from magic (curse)

@: berserking, corroded, very quick
A: negative energy resistance 1, electricity resistance, unbreathing,
petrification resistance, rot immunity, AC +4
a: Berserk, Trog's Hand, Renounce Religion


You were on level 4 of the Dungeon.
You worshipped Trog.
Trog was pleased with you.
You were not hungry.

You visited 1 branch of the dungeon, and saw 4 of its levels.

You collected 183 gold pieces.

Inventory:

Hand Weapons
 a - a +0 hand axe (weapon)
Armour
 b - a +0 animal skin (worn)
Jewellery
 q - a +6 ring of slaying (left hand)
 r - a +3 amulet of reflection (around neck)
 s - a cursed ring of protection from magic (right hand)
Scrolls
 d - 2 scrolls of teleportation {unknown}
 f - 2 scrolls of remove curse {unknown}
 i - a scroll of blinking {unknown}
 j - 2 scrolls of fear {unknown}
 k - a scroll of fog {unknown}
 m - a scroll of enchant weapon {unknown}
 p - 3 scrolls of identify {unknown}
Potions
 e - 2 potions of mutation {unknown}
 g - a potion of degeneration {unknown}
 h - a potion of cancellation {unknown}
 l - 2 potions of heal wounds {unknown}
 n - 2 potions of curing {unknown}
 o - 2 potions of resistance {unknown}
 t - a potion of flight {unknown}
Comestibles
 c - 4 rations


   Skills:
 + Level 5.0 Fighting
 + Level 5.9 Axes
 + Level 2.4 Armour
 + Level 3.3 Dodging
 + Level 1.3 Stealth


You had 6 spell levels left.
You didn't know any spells.
Your spell library was empty.

Dungeon Overview and Level Annotations

Branches:
Dungeon (4/15)
 Temple: D:4-7

Altars:
Cheibriados
Dithmenos
Kikubaaqudgha
Makhleb
The Shining One

Annotations:
D:4 Ijyb


Innate Abilities, Weirdness & Mutations

You are resistant to torment.
Your stone body is resilient. (AC +4)
You are immune to poison.
You resist negative energy. (rN+)
You are resistant to electric shocks. (rElec)
You can survive without breathing.
You are immune to petrification.
You are immune to rotting.


Message History

You are too injured to fight recklessly!
You are too injured to fight recklessly!
You are too injured to fight recklessly!
You are too injured to fight recklessly!
You are too injured to fight recklessly!
You're too hungry.
You closely miss Ijyb.
Ijyb is moderately wounded.
Ijyb hits you.
You eat one of the 5 rations.
That ration really hit the spot!
Ijyb barely misses you.
A red film seems to cover your vision as you go berserk!
You feel yourself moving faster!
You feel mighty!
You feel quite a bit more hungry. Ijyb hits you but does no damage.
You slash Ijyb!
Ijyb is almost dead.
Ijyb zaps a wand.
The bolt of acid hits you!
* * * LOW HITPOINT WARNING * * *
You are splashed with acid!
The acid burns!
You die...

#....# #.. #......##
#...## ### #.......#
#...# #.......###...#
#........##...#
#.......##...#
#.......###..##
#.?......##...#######
#.g@..# #...#.....#
#####.## #..........
#..# #..........
##.###..........
#####..##..........
##.......#..........
#........#........<.
....................
....................


You could see Ijyb.

Vanquished Creatures
  A hippogriff (D:4)
  A phantom (D:4)
  A crimson imp (D:3)
  2 bullfrog skeletons (D:4)
  Jessica (D:2)
  2 worker ants (D:4)
  Natasha (thrice) (D:2)
  6 adders
  2 worms (D:2)
  4 dart slugs (D:2)
  4 orcs
  5 giant cockroaches
  2 hobgoblins
  5 jackals (D:1)
  2 quokkas (D:4)
  A ball python (D:1)
  3 bats
  7 frilled lizards
  5 goblins
  5 kobolds
  9 rats
71 creatures vanquished.

Notes
Turn   | Place    | Note
-------+----------+-------------------------------------------
     0 | D:1      | Fang the Gargoyle Berserker began the quest for the Orb.
     0 | D:1      | Reached XP level 1. HP: 14/14 MP: 1/1
   230 | D:1      | Reached XP level 2. HP: 11/19 MP: 2/2
   807 | D:2      | Found a glowing golden altar of the Shining One.
   883 | D:2      | Found a snail-covered altar of Cheibriados.
   889 | D:2      | Reached XP level 3. HP: 24/24 MP: 3/3
  1405 | D:2      | Reached ** piety under Trog
  1435 | D:2      | Noticed Natasha
  1437 | D:2      | Noticed Jessica
  1448 | D:2      | Killed Jessica
  1448 | D:2      | Reached XP level 4. HP: 11/29 MP: 4/4
  1456 | D:2      | Killed Natasha
  1825 | D:2      | Reached XP level 5. HP: 33/33 MP: 5/5
  1881 | D:2      | Noticed Natasha
  1887 | D:2      | Killed Natasha
  1905 | D:2      | Noticed Natasha
  1912 | D:2      | Killed Natasha
  2430 | D:3      | Found a faded altar of an unknown god.
  2643 | D:3      | Found an ancient bone altar of Kikubaaqudgha.
  2806 | D:3      | Found a burning altar of Makhleb.
  2811 | D:3      | Reached XP level 6. HP: 37/39 MP: 6/6
  2896 | D:3      | Found a shadowy altar of Dithmenos.
  3157 | D:4      | Noticed a hippogriff
  3244 | D:4      | Killed a hippogriff
  3244 | D:4      | Reached skill level 5 in Axes
  3244 | D:4      | Reached skill level 1 in Stealth
  3244 | D:4      | Reached XP level 7. HP: 10/44 MP: 7/7
  4191 | D:4      | Reached skill level 5 in Fighting
  4397 | D:4      | Noticed Ijyb
  4406 | D:4      | Splashed by Ijyb's acid

Skill      XL: |  1  2  3  4  5  6  7 |
---------------+----------------------+-----
Axes           | 3 4 5 |  5.9
Dodging        | 2 3 |  3.3
Fighting       | 4 5 |  5.0
Stealth        | 1 |  1.3
Armour         | |  2.4

Action                   |  1- 3 |  4- 6 |  7- 9 || total
-------------------------+-------+-------+-------++-------
Melee: Hand axe          |   147 |   123 |    48 ||   318
Invok: Berserk           |     2 |     2 |     1 ||     5
 Stab: Sleeping          |       |       |     1 ||     1
  Eat: Chunk             |     2 |     7 |     1 ||    10
       Ration            |       |     1 |     1 ||     2
Armor: Animal skin       |    63 |    37 |    14 ||   114
Dodge: Dodged            |   111 |    82 |    19 ||   212
Block: Other             |       |     4 |     5 ||     9
